 Dungeon Crawl Stone Soup version 0.27.0-1-g7a08968 (webtiles) character file.

Game seed: 9935660192923007413

761 Scud the Magician (level 8, -6/58 HPs)
             Began as a Djinni Fire Elementalist on Aug 23, 2021.
             Mangled by an ogre (30 damage)
             ... on level 4 of the Dungeon.
             The game lasted 00:26:38 (6289 turns).

Scud the Magician (Djinni Fire Elementalist)        Turns: 6289, Time: 00:26:40

Health: -6/58      AC:  7    Str:  7    XL:     8   Next: 8%
Gold:   161        EV: 10    Int: 25    God:
                   SH:  0    Dex: 14

rFire    + + +     SeeInvis .   s - +0 scimitar (protect)
rCold    x x .     Faith    .   (no shield)
rNeg     . . .     Spirit   .   t - +1 ring mail of Privacy {rCorr}
rPois    ∞         Reflect  .   o - +0 helmet
rElec    .         Harm     .   (no cloak)
rCorr    +         Rampage  .   (no gloves)
Will     .....                  (boots unavailable)
Stlth    +.........             (no amulet)
HPRegen  0.19/turn              b - ring of fire
MPRegen  0.00/turn              c - +6 ring of intelligence

@: flying
A: sickness immunity, fire resistance 2, cold vulnerability 1, float, innate
caster, hp casting, extra vitality 1
a: no special abilities


You were on level 4 of the Dungeon.
You visited 2 branches of the dungeon, and saw 6 of its levels.

You collected 161 gold pieces.

Inventory:

Hand Weapons
 l - a +1 short sword of speed
 m - a +0 hunting sling
 s - a +0 scimitar of protection (weapon)
 x - a +4 war axe
Missiles
 i - 11 sling bullets
 w - 8 poisoned darts (quivered)
 y - a throwing net
Armour
 n - a +1 animal skin
 o - a +0 helmet (worn)
 t - the +1 ring mail of Privacy (worn) {rCorr}
   (You found it on level 4 of the Dungeon)

   rCorr:     It protects you from acid and corrosion.
 z - a +0 robe
Jewellery
 b - a ring of fire (left hand)
 c - a +6 ring of intelligence (right hand)
Scrolls
 d - a scroll of silence {unknown}
 e - a scroll of teleportation
 f - 2 scrolls of enchant weapon {unknown}
 g - a scroll of noise {unknown}
 h - 3 scrolls of identify {unknown}
 j - a scroll of amnesia {unknown}
 r - 2 scrolls of magic mapping {unknown}
Potions
 a - a potion of heal wounds {unknown}
 k - a potion of curing {unknown}
 p - a potion of might {unknown}
 q - a potion of mutation {unknown}
 u - a potion of haste {unknown}
 v - a potion of flight {unknown}


   Skills:
 - Level 4.1 Fighting
 + Level 1.3 Long Blades
 + Level 3.2 Armour
 - Level 3.0 Dodging
 - Level 1.5 Stealth
 * Level 4.8 Spellcasting


You couldn't memorise any spells.
You knew the following spells:

 Your Spells              Type           Power      Damage    Failure   Level
a - Foxfire               Conj/Fire      100%       2x1d9     3%          1
b - Animate Skeleton      Necr           60%        N/A       3%          1
c - Wereblood             Tmut           30%        N/A       5%          2
d - Sticky Flame          Conj/Fire      45%        2d6       34%         4
e - Fireball              Conj/Fire      22%        3d10      69%         5
f - Passwall              Tmut/Erth      25%        N/A       5%          2
g - Conjure Flame         Conj/Fire      45%        6-21      11%         3
h - Inner Flame           Hex/Fire       45%        N/A       11%         3
Your spell library was empty.

Dungeon Overview and Level Annotations

Branches:
Dungeon (5/15)             Temple (1/1) D:4

Altars:
Ashenzari
Elyvilon
Gozag
Kikubaaqudgha
Nemelex Xobeh
Qazlal
Ru
Trog
Uskayaw
Vehumet
Yredelemnul
Zin

Annotations:
D:3 3 runed translucent doors, RazingBull's ghost, weakling MiFi
D:4 Duvessa; Eustachio


Innate Abilities, Weirdness & Mutations

You are immune to sickness and miasma.
You are immune to poison.
Your flesh is very heat resistant. (rF++)
You are vulnerable to cold. (rC-)
You float through the air rather than walking.
You learn spells naturally, not from books.
Your magical power is your life essence.
You have superior vitality. (+4 HP)


Message History

You start resting.
Your foxfire dissipates!
You start resting.
Your foxfire dissipates!
You start resting.
HP restored.
You fly upwards.
Level annotation: Duvessa; Eustachio The ogre closely misses you.
You riposte.
You slash the ogre!
Your weapon exudes an aura of protection.
The ogre is heavily wounded.
There is a stone staircase leading down here.
Casting: Foxfire (safe; 3% risk of failure)
Confirm with . or Enter, or press ? or * to list all spells.
You feel a surge of power!
You conjure some foxfire!
The ogre hits you with a +0 giant club!
The foxfire hits the ogre.
The ogre is heavily wounded.
The foxfire hits the ogre.
The ogre is severely wounded.
Casting: Foxfire (safe; 3% risk of failure)
Confirm with . or Enter, or press ? or * to list all spells.
You feel a surge of power!
You conjure some foxfire!
The ogre hits you with a +0 giant club!!
* * * LOW HITPOINT WARNING * * *
The foxfire hits the ogre.
The ogre is severely wounded.
The foxfire hits the ogre!
The ogre is almost dead.
Casting: Foxfire (safe; 3% risk of failure)
Confirm with . or Enter, or press ? or * to list all spells.
Aiming: Passwall (safe; 5% risk of failure)
Press: ? - help, Dir - move target A rock wall.
* * * LOW HITPOINT WARNING * * *
The ogre barely misses you.
You begin to meditate on the wall.
You continue meditating on the rock. x2
The ogre hits you with a +0 giant club!!
Ouch! That really hurt!
You die...

#.# #Z## #..# #.# #.# #..PP.
#.# #.# #..# #.# #.# #..P..
#.#####.####..###.###.# #..P(.
#.>....#......##......# #.P..P
#######.#####.##..##### #.P..P
##Z# #.##..# #.P..P #..#
#.##..#########..P.. #.##
#.#(..>..........PP. #.#
#.#@O...###.####.PP. #.#
#O#.....# #.......PP #.##
#>#.....###..<##..PP
###.#.#####.#............#..PP
...###Z...................#.PP
###................)..........
##..........#####........#..
##.....................#....
#...........#######...##.._.


You could see an ogre.

Vanquished Creatures
  2 water moccasins
  Blork the orc (D:4)
  Dowan (D:4)
  A howler monkey (D:4)
  A centaur zombie (D:3)
  An orc priest (D:5)
  A bullfrog skeleton (D:5)
  2 orc wizards
  Robin (D:2)
  A howler monkey skeleton (D:4)
  4 adders
  4 gnolls (D:2)
  A white imp (D:5)
  An ufetubus (D:5)
  5 worms
  13 orcs
  9 endoplasms
  3 giant cockroaches
  16 goblins
  15 hobgoblins
  7 jackals (D:1)
  9 kobolds
  A quokka (D:4)
  4 ball pythons
  A ball python zombie (D:3)
  5 bats
  4 frilled lizards (D:1)
  7 rats
121 creatures vanquished.

Vanquished Creatures (collateral kills)
  A bat (D:1)
  A quokka (D:2)
  A frilled lizard (D:2)
  A goblin (D:2)
  A kobold (D:4)
  22 foxfires (D:4)
27 creatures vanquished.

Vanquished Creatures (others)
  357 foxfires
  35 fungi (D:4)
  3 plants (D:4)
395 creatures vanquished.

Grand Total: 543 creatures vanquished

Notes
Turn   | Place    | Note
-------+----------+-------------------------------------------
     0 | D:1      | Scud the Djinni Fire Elementalist began the quest for the
                  | Orb.
     0 | D:1      | Reached XP level 1. HP: 15/15 MP: 0/0
   245 | D:1      | Reached skill level 1 in Fighting
   245 | D:1      | Reached XP level 2. HP: 17/22 MP: 0/0
   865 | D:1      | Reached XP level 3. HP: 24/27 MP: 0/0
   865 | D:1      | Learned a level 1 spell: Animate Skeleton
  1802 | D:2      | Reached XP level 4. HP: 20/33 MP: 0/0
  2844 | D:2      | Reached XP level 5. HP: 35/40 MP: 0/0
  2844 | D:2      | Learned a level 2 spell: Passwall
  2853 | D:2      | Noticed Robin
  2872 | D:2      | Killed Robin
  3620 | D:3      | Reached XP level 6. HP: 40/47 MP: 0/0
  3721 | D:3      | Found a runed translucent gate.
  3721 | D:3      | Found a runed translucent gate.
  3721 | D:3      | Found a runed translucent gate.
  3721 | D:3      | Noticed RazingBull's ghost (weakling MiFi)
  3723 | D:3      | Found a basalt altar of Yredelemnul.
  3766 | D:3      | Found a faded altar of an unknown god.
  3815 | D:3      | Reached skill level 1 in Armour
  4287 | D:4      | Noticed a water moccasin
  4401 | D:4      | Killed a water moccasin
  4482 | D:4      | Noticed Eustachio
  4667 | D:4      | Found a sparkling altar of Nemelex Xobeh.
  4691 | D:4      | Identified the +1 ring mail of Privacy {rCorr}
  4697 | D:4      | Reached XP level 7. HP: 39/52 MP: 0/0
  4697 | D:4      | Learned a level 2 spell: Wereblood
  4772 | D:4      | Found a broken altar of Ashenzari.
  5027 | D:4      | Noticed Duvessa
  5038 | D:4      | Noticed Dowan
  5172 | D:4      | Found a staircase to the Ecumenical Temple.
  5180 | Temple   | Entered the Ecumenical Temple
  5364 | D:4      | Noticed Blork the orc
  5376 | D:4      | Killed Blork the orc
  5652 | D:4      | Killed Dowan
  5681 | D:5      | Entered Level 5 of the Dungeon
  5709 | D:5      | Noticed a water moccasin
  5717 | D:5      | Killed a water moccasin
  5718 | D:5      | Reached skill level 1 in Long Blades
  5755 | D:5      | Reached XP level 8. HP: 52/58 MP: 0/0
  6289 | D:4      | Mangled by an ogre

Illustrated notes

Levels and vault maps discovered:
D:1:      dpeg_arrival_erosion, layout_loops_ring
D:2:      layout_basic, grunt_decor_arrowhead, uniq_robin
D:3:      minmay_wonky_spiral, layout_rooms, nicolae_yredelemnul_ghost_church,
          ebering_ecumenical_altar_rust
D:4:      corexii_shack_village, layout_loops_ring,
          mainiacjoe_overflow_catch_the_wave, makhleb_blood_cavern_becter,
          nicolae_sif_muna_little_library, minmay_temple_entry_mist,
          uniq_eustachio, uniq_duvessa, uniq_blork_the_orc
D:5:      layout_rooms
Temple:   nicolae_temple_figure_zero

Skill      XL: |  1  2  3  4  5  6  7 |
---------------+----------------------+-----
Fighting       | 1 2 3 4 |  4.1
Dodging        | 3 |  3.0
Spellcasting   | 3 4 |  4.8
Armour         | 1 3 |  3.2
Long Blades    | 1 |  1.3
Stealth        | |  1.5

Action                   |  1- 3 |  4- 6 |  7- 9 || total
-------------------------+-------+-------+-------++-------
Melee: Unarmed           |     6 |       |       ||     6
       Dagger            |    18 |     1 |       ||    19
       Short sword       |       |     5 |     6 ||    11
       Scimitar          |       |       |     3 ||     3
 Fire: Hunting sling     |       |    24 |       ||    24
Throw: Dart              |       |       |     1 ||     1
 Cast: Foxfire           |    56 |   102 |    81 ||   239
       Animate Skeleton  |     1 |    15 |     3 ||    19
       Passwall          |       |       |     6 ||     6
       Wereblood         |       |       |     1 ||     1
  Use: Scroll            |       |     1 |     1 ||     2
 Stab: Sleeping          |       |     1 |       ||     1
Armor: Robe              |    17 |       |       ||    17
       Animal skin       |       |    15 |       ||    15
       Ring mail         |       |       |     8 ||     8
Dodge: Dodged            |    44 |    24 |    23 ||    91
       Rpst.: Scimitar   |       |       |     4 ||     4
